[Event "GER-ch Youth-ODJM 2022"]
[Site "Willingen"]
[Date "2022.06.07"]
[Round "4.13"]
[White "Sabirov, Ramil"]
[Black "Kamp, Adrian"]
[Result "1-0"]
[ECO "A04"]
[WhiteElo "2130"]
[BlackElo "1969"]
[Annotator "TA"]
[PlyCount "93"]
[EventDate "2022.06.05"]
[EventType "swiss"]
[EventRounds "9"]
[EventCountry "GER"]
[SourceTitle "playchess.com"]
[Source "ChessBase"]
[SourceQuality "1"]
[TimeControl "40/4500+30:900+30"]

1. Nf3 c5 2. c4 Nc6 3. g3 g6 4. Bg2 Bg7 5. O-O d6 6. Nc3 e5 7. Ne1 Nge7 8. Nc2 O-O 9. d3 f5 {[%emt 0:00:00][%cal Bf7f5,Bf5f4][%mdl 32] A37: Symmetrical English vs ...g6: 4 Bg2 Bg7 5 Nf3.} 10. Ne3 f4 11. Ned5 g5 {[%emt 0:06:02] The position is equal.} 12. e3 Bf5 {[%emt 0:04:21] [#]} 13. Re1 $146 ({Predecessor:} 13. Rb1 Ng6 14. a3 Qd7 15. b4 Bh3 16. Qh5 Bg4 17. Qxg5 f3 18. Bh1 Bh3 19. Qh5 cxb4 20. axb4 {0-1 (39) Romanos,T (2167)-Fier,A (2574) Thessaloniki 2018}) 13... Qd7 14. Ne4 h6 15. Nxe7+ Nxe7 16. Rb1 (16. exf4 gxf4 17. Bd2) ({White should try} 16. gxf4 $11 gxf4 17. Bf3) 16... Bg4 $15 17. f3 Be6 (17... Bh5) (17... Bh5 $5 ) 18. b4 (18. exf4 gxf4 19. gxf4) (18. exf4 $11 gxf4 19. gxf4) 18... b6 19. Bd2 (19. gxf4 exf4 20. exf4) (19. exf4 $11 gxf4 20. Qe2) 19... Kh8 (19... fxe3 20. Bxe3 cxb4 21. Rxb4 d5) ({Black should play} 19... fxe3 $17 20. Bxe3 cxb4 21. Rxb4 d5 22. cxd5 Nxd5) 20. Qe2 Ng6 (20... fxe3 $17 21. Qxe3 d5 22. cxd5 Nxd5) 21. Kh1 Rae8 22. Bc3 Qd8 23. a4 h5 24. Qb2 (24. bxc5 $14 dxc5 25. a5) 24... Rf7 (24... fxg3 25. hxg3 h4) (24... fxg3 $1 $15 25. hxg3 h4) 25. d4 (25. bxc5 $11 bxc5 26. Qb5) 25... g4 (25... Bxc4 26. dxc5 dxc5 27. bxc5 bxc5 28. Nxc5 $14) (25... cxd4 $15 26. exd4 Bxc4) 26. fxg4 (26. dxc5 $14 fxg3 27. fxg4 (27. Nxd6 $2 Qh4 $19)) 26... f3 27. Bf1 Bxg4 (27... f2 $1 $15 28. Nxf2 Ref8) 28. dxc5 $14 bxc5 29. bxc5 dxc5 30. Red1 (30. Qf2) 30... Qa8 31. Nf2 Bf5 32. Rbc1 (32. Bd3) (32. Bd3 $14) 32... Rb8 (32... Bh6 33. Re1 Kh7) (32... Bh6 $11 {feels stronger.}) 33. Qa3 Qc6 34. Rd5 Rc7 (34... Kh7) 35. Rcd1 {[%emt 0:00:06] Threatens to win with e4.} (35. e4 Bg4 36. h3) 35... Rb1 $2 {[%emt 0:00:38] Loses the game.} (35... Bc2) ({Better is} 35... Bc2 $14) 36. Rxb1 $18 Bxb1 37. e4 {[%emt 0:00:57] Inhibits Bf5.} Bc2 {[%emt 0:02:13] [#]} 38. Qc1 $1 Bxa4 39. Qg5 {[%emt 0:00:04] Strongly threatening Rd8+.} Qf6 (39... Rf7 40. Nd3 (40. Qxh5+ Kg8) 40... f2 41. Nxe5 Nxe5 42. Bxe5 Bd1 43. Bxg7+ Kh7) (39... Rf7 40. Nd3 (40. Qxh5+ Kg8 $18) 40... Kg8 41. Bxe5 (41. Nxe5 Nxe5 42. Bxe5 Qh6 $16) 41... f2 42. Bxg7 (42. Nxc5 Nxe5 43. Nxa4 Qxa4 $11) (42. Qxh5 Bc2 $16) 42... Kxg7 43. Nxc5 (43. Nf4 Bc2 $17) 43... Bc2) 40. Rd8+ Kh7 41. Qxh5+ Bh6 {[%emt 0:00:00] [#]} 42. Ng4 $1 Qg5 43. Qh3 {[%emt 0:01:08] Hoping for Bd2. Really sharp!} ({Weaker is} 43. Qxh6+ Qxh6 44. Nxh6 Kxh6 $16) 43... Bd7 $2 {[%emt 0:00:00] [#]} (43... Kg7 44. Rd6 Re7 45. Nxh6 Qxh6) 44. Rxd7+ $1 {[%emt 0:00:53][%mdl 512] White is clearly winning.} Rxd7 45. Nxh6 {[%emt 0:00:06][%mdl 64] Discovered Attack} Qxh6 46. Qxd7+ Kh8 47. Qh3 {[%emt 0:01:00] Weighted Error Value: White=0.28 (precise) /Black=0.49} 1-0

[Event "GER-ch Youth-ODJM 2022"]
[Site "Willingen"]
[Date "2022.06.07"]
[Round "4.15"]
[White "Schmitt, Daniel"]
[Black "Paeslack, Luis"]
[Result "1-0"]
[ECO "B52"]
[WhiteElo "2141"]
[BlackElo "1889"]
[Annotator "TA"]
[PlyCount "67"]
[EventDate "2022.06.05"]
[EventType "swiss"]
[EventRounds "9"]
[EventCountry "GER"]
[SourceTitle "playchess.com"]
[Source "ChessBase"]
[SourceQuality "1"]
[TimeControl "40/4500+30:900+30"]

1. e4 c5 2. Nf3 d6 3. Bb5+ Bd7 4. Bxd7+ Qxd7 5. O-O Nc6 6. c3 e5 {[%emt 0:02:44] B52: Sicilian: Moscow Variation with 3...Bd7.} 7. d4 Rd8 8. Na3 Nf6 {[%emt 0:10:17] White is slightly better.} 9. Bg5 (9. d5 $5 Ne7 10. Qc2 $14) 9... Be7 10. Re1 h6 {[%emt 0:05:45] [#]} 11. Bxf6 $146 ({Predecessor:} 11. Bh4 Qg4 12. h3 Qd7 13. Nc4 exd4 14. cxd4 cxd4 15. Nxd4 Nxd4 16. Qxd4 O-O 17. Ne3 Nh5 {1-0 (27) Riff,J (2460)-Delmont,J (2034) La Fere 2007}) 11... Bxf6 12. dxc5 dxc5 13. Nc4 g5 14. Ne3 {[%emt 0:02:00] White is more active.} Qe6 15. Nd5 {[%emt 0:04:30] Nc7+ is the strong threat.} O-O 16. Qe2 Bg7 17. Ne3 {[%emt 0:01:28] Pair of Knights!} Ne7 18. Nd2 a6 19. a4 Ng6 (19... b5 $16) 20. g3 $18 Rd7 21. a5 Ne7 22. Ndc4 f5 23. exf5 Nxf5 24. Nxf5 Qxf5 25. Nd2 ({Better is} 25. Red1 $18) 25... e4 26. Nxe4 Re7 27. Qc4+ Kh8 {[%emt 0:00:17][%cal Og7d4] [#]} 28. Re2 $1 Rfe8 (28... Bd4 $16 {keeps fighting.}) 29. Rae1 Qg4 30. Re3 h5 $2 (30... Bf8 {was called for.} 31. h3 Qe6 32. Qxc5 Qd7) 31. Kg2 Bd4 $2 (31... Rf8 32. f3 Qf5) 32. cxd4 {[%emt 0:01:05] [#] Threatening mate with Nf6. White is clearly winning.} Rxe4 33. Rxe4 ({Not} 33. Qxc5 Rxe3 34. Rxe3 Rxe3 35. Qf8+ (35. fxe3 Qe2+ 36. Kg1 Qe1+ 37. Kg2 Qe2+ 38. Kg1 Qe1+ 39. Kg2 Qe2+ $11) 35... Kh7 36. Qf7+ (36. fxe3 Qe4+ 37. Qf3 Qc2+ 38. Kg1 Kg6 $16) 36... Kh8 37. Qf8+ (37. fxe3 Qe4+ 38. Qf3 Qc2+ 39. Kf1 g4 $16) 37... Kh7 38. Qf7+ (38. fxe3 Qe4+ 39. Qf3 Qc2+ 40. Kg1 Kg6 $16) 38... Kh8 39. Qf8+ $18 (39. fxe3 Qe4+ 40. Qf3 Qc2+ 41. Kf1 g4 $16)) 33... Rxe4 34. f3 {[%emt 0:00:35] Weighted Error Value: White=0.12 (very precise) /Black=0.34} 1-0

[Event "GER-ch Youth-ODJM 2022"]
[Site "Willingen"]
[Date "2022.06.07"]
[Round "4.16"]
[White "Kruse, Victor"]
[Black "Hofmann, Lorenz"]
[Result "1-0"]
[ECO "D30"]
[WhiteElo "1733"]
[BlackElo "2056"]
[Annotator "TA"]
[PlyCount "137"]
[EventDate "2022.06.05"]
[EventType "swiss"]
[EventRounds "9"]
[EventCountry "GER"]
[SourceTitle "playchess.com"]
[Source "ChessBase"]
[SourceQuality "1"]
[TimeControl "40/4500+30:900+30"]

1. d4 d5 2. c4 e6 3. Nf3 a6 4. Bg5 Be7 5. Bxe7 Nxe7 6. Nbd2 {[%emt 0:00:00] D30: Queen's Gambit Declined: Systems without Nc3.} O-O 7. g3 dxc4 {[%emt 0:00:00] [#]} 8. a4 $146 (8. Nxc4 $14 b5 9. Nce5) ({Predecessor:} 8. Nxc4 b5 9. Nce5 Bb7 10. Bg2 Nd7 11. Nd3 Rc8 12. b4 Ng6 13. O-O Qf6 14. e3 {0-1 (86) Kozionov,K (2470)-Svane,R (2613) Chess.com INT 2020}) 8... b6 9. Bg2 {[%emt 0:00:00][%mdl 1024] White has compensation.} Bb7 10. O-O (10. Nxc4 $11 a5 11. O-O) 10... b5 $1 $15 11. Qc2 Nbc6 12. b3 ({But not} 12. Ng5 $2 Nf5 13. h4 Ncxd4 $19) (12. axb5 axb5 13. Rxa8 (13. Ng5 $2 Nf5 $19) 13... Qxa8 $17) 12... Nxd4 13. Nxd4 Bxg2 14. Nxe6 $1 fxe6 15. Kxg2 Qd5+ 16. Kg1 Qe5 (16... Rad8 $5 17. Rad1 Qe5 18. axb5 axb5 $15) 17. bxc4 b4 18. Qe4 {[%emt 0:09:52] Inhibits Nc6.} (18. Nf3 $5 Qf5 19. Qd2 $15) 18... Qxe4 19. Nxe4 Rfd8 20. Rfd1 {[%emt 0:07:32] Prevents Rd4.} Kf7 21. h4 (21. Ng5+ $11 Kf6 22. Ne4+ Kf7 23. Ng5+ Kf6 24. Ne4+ Kf7) 21... h6 22. Nc5 a5 23. e3 Nc6 24. f4 e5 25. Kf2 exf4 26. gxf4 Rxd1 (26... g5 $5) 27. Rxd1 $11 {[%emt 0:00:06][%mdl 4096] Endgame With the idea Rd7+. KRN-KRN} Rd8 28. Rd5 Rd6 29. Nb3 Ke6 ({Black should play} 29... Rxd5 $14 30. cxd5 Ne7) 30. e4 $18 Kf7 (30... g6 $16 31. Ke3 Kf7) 31. Ke3 Rg6 {[%emt 0:01:23] Hoping for ...Rg3+.} 32. Kf3 {[%emt 0:00:53] Against Rg3+} Rg1 33. Nxa5 Nxa5 34. Rxa5 {[%emt 0:06:26] KR-KR} Ra1 $2 (34... c6 35. Ra7+ Ke6) 35. Rc5 Rxa4 36. Rxc7+ Kf8 $2 (36... Kg6 37. f5+ Kf6) 37. Rb7 b3 38. c5 (38. h5 Rxc4 39. Rxb3) 38... Rc4 39. Rxb3 Rxc5 40. f5 Rc4 $2 (40... Rc1 41. h5 Rh1) 41. Kf4 Ke7 42. Rb7+ Kf6 43. Rb6+ Ke7 44. Re6+ Kf7 45. Kg4 $2 (45. Ra6 $18 Rb4 46. h5) 45... Rb4 {[%emt 0:00:00] [#]} (45... Rc1 $1 $11) 46. Kh5 (46. h5 $1 $16) 46... Ra4 $11 47. Kg4 (47. Re5 $11) 47... Rb4 $16 {[%emt 0:00:10] [#]} 48. Kf4 (48. h5 $1 $16) 48... Ra4 $2 {[%emt 0:00:26][%mdl 8192] Black is now going downhill.} (48... Rc4 $11) 49. Rd6 Ke7 50. Rc6 Rb4 51. Ke5 $2 (51. Rc7+ Kf6 52. Rc6+ Kf7 53. Rd6) 51... Rb5+ $2 (51... Rb7 52. h5 Rb5+ 53. Kf4 Rb4 54. Re6+ Kf7) 52. Kd4 $18 Ra5 53. e5 Ra4+ 54. Rc4 Ra7 55. Rb4 Rd7+ 56. Ke4 Ra7 57. Kf4 {[%emt 0:00:00] Black must now prevent Kg4.} Rc7 (57... Ra1 $142 58. Rb7+ Kf8 59. Rb8+ Ke7 60. Rb7+ Kf8) 58. Kg4 {[%emt 0:00:00] And now Kh5 would win.} Ra7 59. Kh5 {[%emt 0:00:00] White threatens Kg6 and mate.} Kf7 60. Re4 $2 (60. Rb8 {mates} g6+ 61. fxg6+ Kg7 62. Re8 Rb7 63. Re6 Rd7 64. Rf6 Rd5 65. Rf7+ Kg8 66. Re7) 60... Rb7 $2 (60... Re7 61. Kg4 Re8) 61. Rd4 $2 (61. Rc4 {Strongly threatening Rc8.} Rb1 62. Rc5 (62. Rc7+ Kf8 $18)) 61... Rb5 $2 (61... Rb3 $18 62. Rd7+ Kf8) 62. Rd7+ {[%emt 0:00:00] White mates.} Kf8 63. Kg6 Rxe5 64. Rf7+ Kg8 65. Rxg7+ Kf8 66. Rb7 Ra5 67. f6 Ra8 68. Rh7 Kg8 69. f7+ {[%emt 0:00:06] Weighted Error Value: White=0.53/Black=0.80} 1-0

[Event "GER-ch Youth-ODJM 2022"]
[Site "Willingen"]
[Date "2022.06.07"]
[Round "4.17"]
[White "Weigand, Anton"]
[Black "Frohnhaeuser, Simon"]
[Result "1/2-1/2"]
[ECO "B22"]
[WhiteElo "1866"]
[BlackElo "1939"]
[Annotator "TA"]
[PlyCount "142"]
[EventDate "2022.06.05"]
[EventType "swiss"]
[EventRounds "9"]
[EventCountry "GER"]
[SourceTitle "playchess.com"]
[Source "ChessBase"]
[SourceQuality "1"]
[TimeControl "40/4500+30:900+30"]

1. e4 c5 2. c3 d5 3. exd5 Qxd5 4. d4 Nc6 5. Nf3 cxd4 6. cxd4 e5 7. Nc3 Bb4 8. dxe5 (8. Bd2 {looks sharper.} Bxc3 9. Bxc3 exd4 10. Nxd4 Nf6 11. Nxc6 Qxc6 12. Bxf6 gxf6 13. Rc1) 8... Qxd1+ {[%emt 0:00:00] B22: Sicilian: 2 c3.} 9. Kxd1 Bg4 10. Bf4 O-O-O+ {[%emt 0:00:09] Black has an edge.} 11. Kc1 Nge7 12. Bb5 (12. Be2 $11) 12... Bxf3 (12... Nd5 $5 13. Bd2 Bxf3 14. Bxc6 Bxg2 15. Bxd5 Bxd5 $15) 13. gxf3 Nd4 14. Bf1 {[%emt 0:02:13] [#]} b6 $146 {[%emt 0:04:47][%mdl 1024] Black has compensation.} ({Predecessor:} 14... Ng6 15. Bg3 Nxf3 16. Bh3+ Kb8 17. e6+ Ka8 18. exf7 Ng5 19. Bg2 Nxf7 20. Re1 Bd6 {½-½ (51) Sun,F-Xu,T (2119) Suzhou 2001}) 15. Ba6+ Kd7 16. Rd1 Kc6 (16... Ke6 $1 $11) 17. Kb1 (17. Bd3 $1 $14 Bxc3 18. bxc3) 17... Ne6 {[%emt 0:19:08] [#]} 18. Be3 (18. Rc1 $1 $14) 18... Rxd1+ (18... Bxc3 $5 19. Rxd8 Rxd8 20. bxc3 Rd1+ 21. Kb2 Rxa1 22. Kxa1 Ng6 $11) 19. Nxd1 Nf5 20. Bd3 {[%emt 0:03:06] A strong pair of Bishops.} Rd8 21. Be4+ Kc7 22. Nc3 (22. Kc2 $11 {remains equal.} Nfd4+ 23. Kc1) 22... Nxe3 $17 23. fxe3 Bxc3 24. bxc3 {[%emt 0:00:11][%mdl 4096] Endgame KRB-KRN} Rd1+ 25. Kb2 Rd2+ 26. Bc2 Rxh2 27. Re1 (27. f4 $17) 27... h5 $19 28. c4 (28. Rg1 $142) 28... h4 29. Kc3 Nc5 (29... Rf2 $19 {White must now prevent ...h3.} 30. f4 h3) 30. a3 $2 (30. Rg1 $17 g6 31. f4) 30... Rg2 (30... Rf2 $142 31. Rg1 g6) 31. Bf5 (31. Rh1 $142) 31... Rg5 32. Bh3 Rxe5 33. f4 Re8 34. Bg2 (34. Kd2 {is a better defense.}) 34... Rh8 35. Rh1 Kd6 36. Bh3 Re8 37. Kd2 (37. Re1 $142) 37... Ne4+ 38. Kc2 Kc5 39. Bg2 Kxc4 40. Rxh4 {[%emt 0:00:17] Strongly threatening f5.} Nf6 41. Bf1+ Kc5 42. Kd3 (42. Rh3 $17 {keeps fighting.}) 42... Rd8+ 43. Kc2 b5 44. e4 $2 (44. Bg2 $17) 44... Nxe4 45. Rh5+ Kc6 $2 (45... Rd5 $19 {is more deadly.} 46. Rh2 Nd6) 46. Bxb5+ $17 Kb6 {[%emt 0:02:21] Hoping for ...Rd2+.} 47. a4 (47. Bd3 $142 Nc5 48. Bc4) 47... Rd2+ 48. Kb3 Nc5+ (48... a5 $19 49. Re5 Nd6) 49. Kc3 {[%emt 0:01:11] [#]} Rf2 50. Rf5 Ne4+ (50... f6 $19 {has better winning chances. aiming for ...a6.} 51. Kd4 a6) 51. Kd3 Nd6 52. Rd5 Kc7 53. Ke3 {[%emt 0:00:56] Against Rf3+} Rc2 54. Re5 Nxb5 55. axb5 {[%emt 0:01:00] KR-KR} (55. Rxb5 $142 a6 56. Re5) 55... Kd6 ({Black should play} 55... Kb6 $17 56. Rg5 Rc7) 56. Re8 $15 Rc7 {[%emt 0:04:26] And now ...Re7+ would win.} 57. Kd4 Re7 58. Rc8 Rb7 (58... Ke6 $5 59. Rc5 g6 $17) 59. Ra8 $2 {[%emt 0:01:56][%mdl 8192] [#]} (59. Rc6+ $11 Kd7 60. Ra6) 59... g6 $1 $19 ({Inferior is} 59... Rxb5 60. Rxa7 Ke6 61. Ke4 $11) 60. Rd8+ Rd7 $2 (60... Ke6 $19 {...Rd7+ is the strong threat.} 61. Ra8 Rc7) 61. Rc8 Rb7 (61... Rc7 $1 $15 62. Re8 Rb7) 62. Ra8 (62. Rd8+ $11 Ke6 63. Ra8) 62... Rxb5 (62... f6 $17) 63. Rxa7 $11 {[%emt 0:00:08] The position is equal.} Rb4+ 64. Ke3 Ke6 65. Ra5 f6 66. Kf3 Rd4 67. Ra6+ Rd6 68. Ra5 Rd5 69. Ra6+ Kf5 {[%emt 0:00:09] Threatens to win with ...Rd3+.} 70. Ra3 {[%emt 0:00:10] Prevents Rd3+.} g5 71. fxg5 Ke5 {Weighted Error Value: White=0.49/Black=0.37} 1/2-1/2

[Event "GER-ch Youth-ODJM 2022"]
[Site "Willingen"]
[Date "2022.06.07"]
[Round "4.18"]
[White "Lohr, Maximilian"]
[Black "Fock, Amina"]
[Result "1-0"]
[ECO "B90"]
[WhiteElo "2080"]
[BlackElo "1790"]
[Annotator "TA"]
[PlyCount "43"]
[EventDate "2022.06.05"]
[EventType "swiss"]
[EventRounds "9"]
[EventCountry "GER"]
[SourceTitle "playchess.com"]
[Source "ChessBase"]
[SourceQuality "1"]
[TimeControl "40/4500+30:900+30"]

1. e4 c5 2. Nf3 d6 3. d4 cxd4 4. Nxd4 Nf6 5. Nc3 a6 6. h3 e6 7. g4 d5 8. exd5 Nxd5 9. Bg2 {[%emt 0:00:00] B81: Sicilian Scheveningen: Keres Attack.} (9. Nde2 $14) 9... Nxc3 $11 10. bxc3 e5 (10... Qc7 $11 11. O-O Bd6) 11. Qe2 $14 {[%emt 0:00:00] White is slightly better.} Qc7 12. O-O Bd6 {[%emt 0:01:55] [#]} 13. Nf5 $146 ({Predecessor:} 13. Rb1 O-O 14. Nf5 Nc6 15. Nxd6 Qxd6 16. Rd1 Qe7 17. f4 f5 18. fxe5 fxg4 19. hxg4 Qxe5 20. Qxe5 Nxe5 {½-½ (75) Hansson,D (2345)-Schussler,H (2360) Stockholm 1977}) 13... Bxf5 14. gxf5 Nd7 15. Rb1 Rb8 (15... Nc5 $11 {keeps the balance.}) 16. Qg4 Kf8 17. Rd1 $36 {[%emt 0:01:24][%cal Ob1b7][%mdl 2048] White has some pressure. White is more active.} b5 18. a4 bxa4 $2 {[%emt 0:08:38][%mdl 8192] [#] This move loses the game for Black.} (18... Nf6 $16 19. Qe2 Ke7) 19. Rxb8+ $18 {[%emt 0:00:26] White is clearly winning.} Qxb8 20. Qxa4 Nc5 21. Qc6 Ke7 22. Ba3 {[%emt 0:00:06] Weighted Error Value: White=0.17 (very precise) /Black=0.72} (22. Bg5+ $142 f6 23. Be3) 1-0

[Event "GER-ch Youth-ODJM 2022"]
[Site "Willingen"]
[Date "2022.06.07"]
[Round "4.19"]
[White "Kliashtornyi, Arkadii"]
[Black "Kotyk, Michael"]
[Result "1-0"]
[ECO "D02"]
[WhiteElo "1755"]
[BlackElo "2170"]
[Annotator "TA"]
[PlyCount "88"]
[EventDate "2022.06.05"]
[EventType "swiss"]
[EventRounds "9"]
[EventCountry "GER"]
[SourceTitle "playchess.com"]
[Source "ChessBase"]
[SourceQuality "1"]
[TimeControl "40/4500+30:900+30"]

1. d4 d5 2. Nf3 Nf6 3. g3 e6 4. Bg2 b5 5. O-O Be7 6. b3 {[%emt 0:00:00] A46: 1 d4 Nf6 2 Nf3 e6: Torre, London and Colle Systems.} (6. a4 $5 ) 6... Bb7 7. Ne5 b4 8. c4 {[%emt 0:04:29] White has an edge.} bxc3 9. Nxc3 O-O {[%emt 0:00:00] [#]} 10. Bb2 $146 ({Predecessor:} 10. Na4 Nbd7 11. Nd3 Bc6 12. Nc3 Qb8 13. Bb2 Qb7 14. Qc2 Rfc8 15. Rfc1 a5 16. e3 {½-½ (16) Hilby,C (2434)-Lenderman,A (2638) Charlotte 2020}) 10... Nfd7 11. Nxd7 Nxd7 12. Rc1 Rc8 13. Na4 Bf6 14. Qd2 Re8 15. Nc5 {[%emt 0:07:38] White is more active.} (15. Ba3 $16) 15... Nxc5 $11 16. Rxc5 Qd6 17. Rfc1 Qb6 18. e3 ({Better is} 18. Bc3 $1 $14) 18... Be7 19. R5c2 f6 20. Bc3 {[%emt 0:04:26] aiming for Ba5.} Ba3 21. Bb2 Bd6 22. Bc3 Ba3 23. Bb2 Bd6 24. Bc3 Qb5 (24... Ba3 $1 $11) 25. Bf1 $36 {[%emt 0:05:49][%mdl 2048] Black is under strong pressure.} Qd7 26. Bb4 {[%emt 0:00:16] Prevents c5.} e5 {[%emt 0:01:06] [#] A mistake that costs the game.} (26... c6 $16) 27. Bxd6 $1 $18 Qxd6 (27... cxd6 {was called for.} 28. Qa5 exd4) 28. Bh3 Rcd8 (28... exd4 $142 29. exd4 (29. Bxc8 dxe3 30. fxe3 Rxc8 $18) 29... Rb8 30. Rxc7 a6) 29. Rxc7 Qb6 30. Qc3 Rb8 31. Qc5 Qxc5 32. dxc5 ({Not} 32. R1xc5 a6 33. Bg2 e4 $18) 32... d4 (32... Bc8 $142 33. Bd7 Bxd7) 33. c6 Bc8 34. Bxc8 Rexc8 35. Rxa7 {[%emt 0:00:29][%mdl 4096] Endgame KRR-KRR} Rb6 36. exd4 exd4 37. Rd7 {[%emt 0:00:13] [#] Strongly threatening c7.} ({Weaker is} 37. c7 d3 38. Kf1 d2 $18) 37... Rcxc6 38. Rxc6 Rxc6 39. Rxd4 {[%emt 0:00:02] KR-KR} Rc2 (39... Rb6 $142 40. b4 Ra6) 40. a4 {[%emt 0:00:26][%cal Ba2a4,Ba4a5,Ba5a6][%mdl 32] Threatens to win with a5.} Rb2 41. Rb4 {[%emt 0:15:04] And now a5 would win.} Kf7 42. a5 {[%emt 0:00:05] Black must now prevent a6.} Ke6 43. a6 {[%emt 0:00:06] a7 would kill now.} Ra2 44. Ra4 Kd5 {Weighted Error Value: White=0.29 (precise) /Black=0.63} 1-0

[Event "GER-ch Youth-ODJM 2022"]
[Site "Willingen"]
[Date "2022.06.07"]
[Round "4.20"]
[White "Pick, Max"]
[Black "Savchenko, Daniel"]
[Result "1/2-1/2"]
[ECO "D02"]
[WhiteElo "1841"]
[BlackElo "2134"]
[Annotator "TA"]
[PlyCount "60"]
[EventDate "2022.06.05"]
[EventType "swiss"]
[EventRounds "9"]
[EventCountry "GER"]
[SourceTitle "playchess.com"]
[Source "ChessBase"]
[SourceQuality "1"]
[TimeControl "40/4500+30:900+30"]

1. d4 d5 2. Nf3 Nf6 3. Bf4 e6 4. e3 Be7 5. Bd3 O-O 6. Nbd2 b6 7. O-O {[%emt 0:00:00] D02: 1 d4 d5 2 Nf3 sidelines, including 2...Nf6 3 g3 and 2...Nf6 3 Bf4.} (7. Ne5 {seems wilder.} Nfd7 8. O-O c5 9. Ndf3) 7... Nbd7 8. Ne5 Bb7 {[%emt 0:00:00] Prevents Nc6.} 9. Bb5 (9. Qf3 $14) 9... Nxe5 $11 {[%emt 0:02:27] [#]} 10. dxe5 $146 ({Predecessor:} 10. Bxe5 Qc8 11. c3 c6 12. Bd3 Ba6 13. c4 Qd7 14. b3 Rfc8 15. Rc1 Qd8 16. Qf3 {1-0 (27) Mosny,J (1880)-Lazniewska,Z (1568) Liptovsky Jan 2021}) 10... Ne8 11. Bd3 (11. Qg4 {is interesting.} g6 12. Bh6 Ng7 13. c3) 11... f5 12. g4 $2 (12. exf6 $11 {and White is okay.} Nxf6 13. Qf3) 12... g5 $19 13. gxf5 exf5 14. Bg3 Ng7 {[%emt 0:01:39] Threatens to win with ...f4.} 15. h3 Qd7 16. f4 c5 17. Kh1 (17. Kh2 $15) 17... Kh8 {[%emt 0:02:44] aiming for ...d4+.} 18. Be2 (18. Kh2 $142) 18... Rad8 19. Bf3 Ne6 20. Qe2 d4 {[%emt 0:05:46] White must now prevent ...dxe3.} 21. Rad1 gxf4 $2 (21... dxe3 22. Qxe3 gxf4 23. Bxf4) (21... Rg8 $19 {is more deadly. And now ...dxe3 would win.} 22. Nc4 gxf4 23. Bxf4 b5) 22. exf4 $17 Rg8 23. Rg1 {[%emt 0:02:46] [#]} b5 ({Better is} 23... Rxg3 $1 $17 24. Rxg3 Nxf4) 24. Qd3 {[%emt 0:05:27] [#]} (24. Bxb7 $15 Qxb7+ 25. Qf3 Qxf3+ 26. Nxf3) 24... Rdf8 $2 (24... c4 $1 $19 25. Qf1 (25. Qxf5 $2 Rdf8 $19) 25... c3 26. bxc3 dxc3) 25. b4 $2 (25. Bxb7 $15 Qxb7+ 26. Qf3 Qxf3+ 27. Nxf3) 25... a6 (25... cxb4 26. Nb3 $17) (25... c4 $19 {and Black stays clearly on top.} 26. Qf1 Bxb4 27. Bxb7 Qxb7+ 28. Qf3 Qxf3+ 29. Nxf3 Bc5) 26. c3 $2 (26. bxc5 $17 Nxc5 27. Qe2) 26... Qc8 ({Inferior is} 26... cxb4 27. cxd4 Bd5 28. Rc1 $15) (26... c4 $19 {has better winning chances.} 27. Qc2 d3) 27. cxd4 Nxd4 28. Bxb7 Qxb7+ 29. Qf3 $2 (29. Kh2 $19 Rd8 30. Qe3 (30. Bf2 $2 c4 $17)) 29... Qc7 $2 (29... Nxf3 {mates} 30. Nxf3 Qxf3+ 31. Kh2 Qe2+ 32. Kh1 {[#]} Rxg3 $1 33. Rxg3 Qxd1+ 34. Kh2 Bh4 35. Rg1 Qf3 36. e6 Rd8 37. Re1 Rd2+ 38. Re2 Rxe2+ 39. Kg1 Qg2#) 30. Qh5 ({But not} 30. Qd5 $2 Ne2 31. Qf3 Nxg1 32. Rxg1 cxb4 $19) (30. Qe3 $17 {is a better defense.}) 30... Ne6 {[%emt 0:01:05] Weighted Error Value: White=0.91/Black=0.66} (30... cxb4 $19 31. Bh4 Bxh4 32. Qxh4 Qf7) 1/2-1/2

[Event "GER-ch Youth-ODJM 2022"]
[Site "Willingen"]
[Date "2022.06.07"]
[Round "4.21"]
[White "Garbuz, Nicole"]
[Black "Dornieden, Jonas"]
[Result "0-1"]
[ECO "B21"]
[WhiteElo "1824"]
[BlackElo "2072"]
[Annotator "TA"]
[PlyCount "78"]
[EventDate "2022.06.05"]
[EventType "swiss"]
[EventRounds "9"]
[EventCountry "GER"]
[SourceTitle "playchess.com"]
[Source "ChessBase"]
[SourceQuality "1"]
[TimeControl "40/4500+30:900+30"]

1. e4 c5 2. d4 cxd4 3. c3 dxc3 4. Nxc3 e6 5. Bc4 Nc6 6. Nf3 Bb4 7. O-O Nge7 $1 {[%emt 0:00:00] The main line 7...Nge7 scores better than 7...Bxc3.} 8. Bg5 {[%emt 0:01:45] B21: Sicilian: 2 f4 and Morra Gambit.} h6 9. Be3 O-O 10. Rc1 {[%emt 0:03:27] [#] Black is slightly better.} Ng6 $146 (10... f5 $5 11. e5 Ng6 $15) ({Predecessor:} 10... Bxc3 11. Rxc3 d5 12. Bd3 d4 13. Rxc6 Nxc6 14. Bf4 f6 15. e5 fxe5 16. Bg3 Qd5 {0-1 (28) Tymrakiewicz,R (2236)-Preotu,R (2487) Chess.com INT 2021}) 11. Bb3 (11. a3 $11 {remains equal.} Be7 12. Qd2) 11... b6 $17 12. Qe2 Bb7 13. Rfd1 Qe7 14. a3 Bxc3 15. Rxc3 Rfd8 16. Ba4 Rac8 17. Rdc1 Qe8 18. b4 Nce7 {[%emt 0:02:27] Hoping for ...Rxc3.} 19. Rc7 Bxe4 20. Rxa7 Rxc1+ 21. Bxc1 Bc6 22. b5 Bxf3 23. Qxf3 d5 24. Qd3 (24. Bb2 $17) 24... Ra8 ({Black should try} 24... Nf5 $19 25. Qd1 Nd6) 25. Rxa8 $15 Qxa8 26. Bc2 Qd8 27. a4 e5 28. Qe3 f5 (28... Qc8 $15 {stays ahead.} 29. Qb3 Nf5) 29. Bb2 $16 {[%emt 0:01:27][%mdl 1024] White has strong compensation.} d4 30. Qg3 Nf4 31. Kf1 {[%emt 0:00:28] Inhibits Ne2.} (31. Qb3+ $11 Kh7 32. g3) 31... Kh8 {[%emt 0:01:12] [#] aiming for ...Qd5.} 32. Bc1 $2 (32. Qf3 $17) 32... d3 $19 33. Bd1 Neg6 (33... d2 $19 34. Bb2 Qd5) 34. Qe3 (34. Bxf4 $11 Nxf4 35. Qf3) 34... Qd5 $40 {[%emt 0:01:25][%mdl 128] Black wants a kill.} 35. Bf3 $2 (35. f3) 35... Qc4 {[%emt 0:00:31] [#] ( -> ...d2+)} 36. Qd2 e4 37. Bd1 Nd5 {[%emt 0:00:14] White must now prevent ...f4.} 38. Bb2 {[%emt 0:00:36] Intending Qxh6+ and mate.} f4 (38... Kh7 $142 {And now ...f4 would win.} 39. Ba1 Ngf4) 39. Bh5 $2 (39. Qc1 Qb4 40. Ba3) 39... e3 {[%emt 0:00:43] Weighted Error Value: White=0.74/Black=0.29 (precise)} 0-1